Match 47481416
Unlisted

Match 47481416
End
Pioneer Squad
Construct Infanterie Kompanie
Selects Terror Battlegroup
Selects Machine Gun Camouflage
Grenadier Squad
Grenadier Squad
MG 42 Machine Gun Team
MG 42 Machine Gun Team
Infanterie Officer Quarters
Construct Panzergrenadier Kompanie
251 Medium Carrier
251 Medium Carrier
Pak 40 Anti-tank Gun Team
Selects Defend the Fatherland
Panzergrenadier Officer Quarters
Support Elements
Nebelwerfer 42 Rocket Launcher Team
Construct Panzer Kompanie
Nebelwerfer 42 Rocket Launcher Team
Panzer IV Medium Tank
Stoßtruppen Squad
Stoßtruppen Squad
Medical Station
Panzer IV Medium Tank
Selects King Tiger Heavy Tank
King Tiger Heavy Tank
Panzer Officer Quarters
Pioneer Squad
Pioneer Squad
Pioneer Squad
Selects Contempt for the Weak
Selects Jericho Trumpet
Jericho Trumpet
Panzer IV Medium Tank
Selects V1 Rocket Strike
V1 Rocket Strike
Stoßtruppen Squad
King Tiger Heavy Tank
Pioneer Squad
Pioneer Squad
Pioneer Squad
Pioneer Squad
Sniper
V1 Rocket Strike
Panzer IV Medium Tank
Nebelwerfer 42 Rocket Launcher Team
Nebelwerfer 42 Rocket Launcher Team
Pioneer Squad
Stoßtruppen Squad
V1 Rocket Strike
Jericho Trumpet
Stoßtruppen Squad
Stoßtruppen Squad
V1 Rocket Strike
King Tiger Heavy Tank
Nebelwerfer 42 Rocket Launcher Team
Jericho Trumpet
King Tiger Heavy Tank
CommieRed
Thank You Chef
Kray-Tos
Catador de Papel e Latinha
Batata
Filho do Brasil
0
0

Comments sign in to comment!

No comments posted yet!